 Dungeon Crawl Stone Soup version 0.19-a0-1019-g9c6a58d (webtiles) character file.

359 Proton the Shield-Bearer (level 6, 0/39 HPs)
             Began as a Gargoyle Fighter on July 26, 2016.
             Slain by a quasit (2 damage)
             ... on level 5 of the Dungeon.
             The game lasted 00:09:39 (3269 turns).

Proton the Shield-Bearer (Gargoyle Fighter)         Turns: 3269, Time: 00:09:40

Health: 0/39       AC: 11    Str: 21      XL:     6   Next: 65%
Magic:  6/6        EV:  8    Int:  9      God:
Gold:   257        SH:  9    Dex:  2 (9)  Spells: 0 memorised, 5 levels left

rFire  . . .     SeeInvis .     a - +0 flail
rCold  . . .     Gourm    +     b - +0 scale mail
rNeg   + . .     Faith    .     c - +0 shield
rPois  ∞         Spirit   .     (no helmet)
rElec  +         Dismiss  .     (no cloak)
rCorr  .         Reflect  .     (no gloves)
SustAt .         Harm     .     (no boots)
MR     .....                    v - amulet of the gourmand
Stlth  ..........               (no ring)
                                (no ring)

@: not resistant to hostile enchantments, extremely unstealthy
A: negative energy resistance 1, electricity resistance, unbreathing,
petrification resistance, rot immunity, AC +4
a: no special abilities


You were on level 5 of the Dungeon.
You were hungry.

You visited 1 branch of the dungeon, and saw 5 of its levels.
You also visited: Sewer.

You collected 257 gold pieces.

Inventory:

Hand Weapons
 a - a +0 flail (weapon)
Armour
 b - a +0 scale mail (worn)
 c - a +0 shield (worn)
Jewellery
 v - an amulet of the gourmand (around neck)
 A - an uncursed ring of poison resistance {unknown}
Wands
 q - a wand of lightning (5/15)
Scrolls
 g - a scroll of enchant weapon {unknown}
 h - 4 scrolls of identify {unknown}
 j - a scroll of enchant armour {unknown}
 k - a scroll of immolation {unknown}
 l - a scroll of random uselessness {unknown}
 n - 4 scrolls of teleportation {unknown}
 s - 3 scrolls of remove curse {unknown}
 t - a scroll of recharging {unknown}
 y - 3 scrolls of fog {unknown}
Potions
 d - a potion of might
 e - 2 potions of curing {unknown}
 i - a potion of resistance {unknown}
 m - 2 potions of degeneration {unknown}
 o - 3 potions of lignification
 p - a potion of agility {unknown}
 w - a potion of flight
 x - a potion of invisibility {unknown}
 z - a potion of mutation {unknown}
Comestibles
 f - 4 bread rations
 r - a royal jelly
 u - a slice of pizza


   Skills:
 + Level 4.3 Fighting
 + Level 3.1 Maces & Flails
 + Level 4.3 Armour
 + Level 2.2 Dodging
 + Level 5.1 Shields


You had 5 spell levels left.
You didn't know any spells.

Dungeon Overview and Level Annotations

Branches:
Dungeon (5/15)
 Temple: D:4-7

Altars:
Ashenzari
Okawaru
Pakellas
Ru


Innate Abilities, Weirdness & Mutations

You are resistant to torment.
Your stone body is resilient. (AC +4)
You are immune to poison.
You resist negative energy. (rN+)
You are resistant to electric shocks. (rElec)
You can survive without breathing.
You are immune to petrification.
You are immune to rotting.


Message History

The quasit claws you but does no damage.
You block the quasit's attack.
The quasit bites you but does no damage.
The quasit claws you but does no damage. x2
You closely miss the quasit.
The quasit is lightly wounded.
You are feeling hungry.
The quasit barely misses you. You block the quasit's attack. x2
You miss the quasit.
The quasit is lightly wounded.
The quasit bites you but does no damage.
The quasit claws you but does no damage. x2
You block the quasit's attack. The quasit barely misses you. x2
You closely miss the quasit.
The quasit is lightly wounded.
You block the quasit's attack. The quasit barely misses you.
The quasit claws you but does no damage.
You block the quasit's attack. The quasit barely misses you.
The quasit claws you.
You die...

#... #...###
...... .....
#..[ #...
#...###########
#.....5@.......
#...########.##
#... #... #...
##.. #.. ...


You could see a quasit.

Vanquished Creatures
  A hound (D:3)
  A quasit (D:5)
  2 orc priests (D:3)
  An orc wizard (D:3)
  A worker ant (D:4)
  A hound skeleton (D:4)
  4 adders
  4 oozes (Sewer)
  4 worms (Sewer)
  4 dart slugs
  6 giant geckos
  6 orcs
  11 bats
  5 giant cockroaches
  4 goblins
  2 hobgoblins
  15 jackals
  A quokka (D:2)
  5 ball pythons
  A giant gecko skeleton (D:4)
  6 giant newts
  7 kobolds
  8 rats
100 creatures vanquished.

Notes
Turn   | Place    | Note
-------+----------+-------------------------------------------
     0 | D:1      | Proton the Gargoyle Fighter began the quest for the Orb.
     0 | D:1      | Reached XP level 1. HP: 14/14 MP: 1/1
    92 | D:1      | Reached XP level 2. HP: 19/19 MP: 2/2
   746 | D:2      | Reached XP level 3. HP: 21/24 MP: 3/3
   778 | D:2      | Found a shattered altar of Ashenzari.
   793 | D:2      | Reached skill level 4 in Shields
   906 | D:2      | Reached XP level 4. HP: 29/29 MP: 4/4
  1207 | D:3      | Reached skill level 1 in Dodging
  1207 | D:3      | Reached XP level 5. HP: 20/33 MP: 5/5
  1968 | D:4      | Reached XP level 6. HP: 37/38 MP: 6/6
  2005 | D:4      | Found an iron altar of Okawaru.
  2088 | D:4      | Found a glowing drain.
  2095 | Sewer    | Entered a sewer
  2532 | Sewer    | Reached skill level 5 in Shields
  3038 | D:4      | Found an oddly glowing altar of Pakellas.
  3038 | D:4      | Found a sacrificial altar of Ru.
  3172 | D:5      | Entered Level 5 of the Dungeon
  3269 | D:5      | Slain by a quasit

Vault maps used:
D:1:      onia_arrival_larder, grunt_decor_arrowhead
D:2:      ashenzari_altar_1, first_bread
D:4:      okawaru_ov_weapons_minmay, nicolae_overflow_hidden_temple,
          lightli_sewer_entry_pipes
D:5:      bloody_trog
Sewer:    sewer_fruit_machine

Skill      XL: |  1  2  3  4  5  6 |
---------------+-------------------+-----
Shields        | 4 5 |  5.1
Fighting       | 4 |  4.3
Dodging        | 1 2 |  2.2
Armour         | 4 |  4.3
Maces & Flails | 3 |  3.1

Action                   |  1- 3 |  4- 6 || total
-------------------------+-------+-------++-------
Melee: Flail             |   109 |   326 ||   435
  Use: Potion            |       |     2 ||     2
  Eat: Chunk             |       |    10 ||    10
Armor: Scale mail        |    51 |   306 ||   357
Dodge: Dodged            |    35 |   190 ||   225
Block: Shield            |    69 |   289 ||   358
